 Dungeon Crawl Stone Soup version 0.16.2-12-gd0ad4c3 (webtiles) character file.

1003 SirMakak the Poker (level 8, 0/81 HPs)
             Began as a Troll Berserker on Nov 8, 2015.
             Was an Elder of Trog.
             Killed from afar by an orc wizard (7 damage)
             ... with a magic dart
             ... on level 5 of the Dungeon.
             The game lasted 00:42:01 (3955 turns).

SirMakak the Poker (Troll Berserker)                Turns: 3955, Time: 00:42:01

Health: 0/81       AC:  6    Str: 28    XL:     8   Next: 0%
Magic:  3/3        EV: 10    Int:  3    God:    Trog [****..]
Gold:   176        SH:  0    Dex:  9    Spells: 0 memorised, 7 levels left

rFire  . . .     SeeInvis .     q - +0 trident
rCold  . . .     Clarity  .     h - +1 animal skin
rNeg   . . .     SustAb   .     (shield restricted)
rPois  .         Gourm    +     (helmet restricted)
rElec  .         Spirit   .     (no cloak)
rCorr  .         Warding  .     (gloves unavailable)
rMut   .         Stasis   .     (boots unavailable)
MR     .....                    (no amulet)
Stlth  +.........               (no ring)
                                (no ring)

@: exhausted, slowed, very slow, not resistant to hostile enchantments, very
unstealthy
A: unfitting armour, claws 3, fast metabolism 3, gourmand, regeneration 2,
shaggy fur 1, tough skin 2
a: Burn Spellbooks, Berserk, Trog's Hand, Brothers in Arms, Renounce Religion


You were on level 5 of the Dungeon.
You worshipped Trog.
Trog was greatly pleased with you.
You were hungry.

You visited 1 branch of the dungeon, and saw 5 of its levels.
You also visited: Sewer.

You collected 176 gold pieces.

Inventory:

Hand weapons
 a - a +0 spear
 e - a cursed -3 whip
 n - a +0 giant club
 q - a +0 trident (weapon)
Missiles
 g - 2 large rocks (quivered)
 p - 5 silver tomahawks
Armour
 b - a +0 animal skin
 d - a +0 leather armour
 h - a +1 animal skin (worn)
Scrolls
 f - a scroll of enchant weapon {unknown}
 i - a scroll of fear {unknown}
 m - 3 scrolls of teleportation {unknown}
Potions
 j - 2 potions of heal wounds {unknown}
 k - a potion of poison {unknown}
 l - a potion of cure mutation {unknown}
 o - 2 potions of haste {unknown}
 s - a potion of curing
Comestibles
 c - 2 meat rations
 r - a slice of pizza


   Skills:
 + Level 5.5 Fighting
 + Level 5.8 Polearms
 - Level 1.6 Armour
 - Level 2.9 Dodging
 - Level 0.1 Stealth


You had 7 spell levels left.
You didn't know any spells.

Dungeon Overview and Level Annotations

Branches:
Dungeon (5/15)
 Temple: D:4-7

Altars:
Zin

Shops:
D:4 %


Innate Abilities, Weirdness & Mutations

You are too large for most types of armour.
You have claws for hands.
Your metabolism is lightning-fast.
You like to eat raw meat.
You heal very quickly.
You are covered in fur (AC +1).
You have very tough skin (AC +2).


Message History

You feel a strong urge to attack something.
You are no longer berserk.
You are exhausted.
You feel yourself slow down.
You are feeling hungry.
The orc wizard mumbles some strange words.
The orc wizard blinks!
The orc wizard casts a spell at you.
You feel as though you will be slow longer.
The orc wizard casts a spell at you. The magic dart hits you!
* * * LOW HITPOINT WARNING * * *
The orc wizard is no longer moving quickly.
The orc wizard casts a spell.
The orc wizard blinks!
The orc wizard mumbles some strange words.
The orc wizard seems to speed up.
The orc wizard casts a spell at you. The magic dart hits you!
You die...

#.###.#....#[)..........#
#.......................#
####........#########...#
#........# #...#
#........# #####
#........# #........#
#.......)############
#...#######@........#####
#...# #.#######.....##
#... #.# #......#
....§#### #o# #.....)###
........# #.# #.........
........# #.#
#.....+#####
#......####B#####.....+
#.....§)B.......#..%..#
#......####.###.#.....#


You could see a goliath beetle and an orc wizard.

Vanquished Creatures
  An ogre (D:5)
  An ice beast (D:5)
  3 big kobolds (Sewer)
  2 scorpions
  A crimson imp (D:5)
  A hound (D:5)
  A centaur skeleton (D:5)
  2 worker ants
  A killer bee zombie (D:5)
  An orc wizard (D:5)
  Jessica (D:2)
  Robin (D:3)
  9 adders
  4 river rats (Sewer)
  A shadow imp (D:5)
  3 gnolls (D:2)
  3 giant mites
  5 worms
  An adder skeleton (D:4)
  A giant gecko (D:1)
  5 orcs
  7 ball pythons
  12 bats
  A bat skeleton (D:4)
  4 giant cockroaches
  15 goblins
  13 hobgoblins
  11 kobolds
  2 quokkas
  A giant gecko skeleton (D:5)
  5 giant newts
  A quokka zombie (D:5)
  10 rats
130 creatures vanquished.

Notes
Turn   | Place    | Note
--------------------------------------------------------------
     0 | D:1      | SirMakak, the Troll Berserker, began the quest for the Orb.
     0 | D:1      | Reached XP level 1. HP: 22/22 MP: 1/1
   181 | D:1      | Reached XP level 2. HP: 29/29 MP: 1/1
   531 | D:1      | Acquired Trog's second power
   898 | D:2      | Reached XP level 3. HP: 20/36 MP: 2/2
   900 | D:2      | Reached skill level 3 in Polearms
  1044 | D:2      | Reached XP level 4. HP: 44/44 MP: 2/2
  1323 | D:2      | Noticed Jessica
  1336 | D:2      | Killed Jessica
  1458 | D:3      | Found a glowing silver altar of Zin.
  1504 | D:3      | Noticed Robin
  1544 | D:3      | Reached XP level 5. HP: 7/53 MP: 2/2
  1546 | D:3      | Killed Robin
  2073 | D:3      | Found a glowing drain.
  2077 | Sewer    | Entered a sewer
  2159 | Sewer    | Acquired Trog's third power
  2350 | Sewer    | Reached skill level 4 in Polearms
  2366 | Sewer    | Reached XP level 6. HP: 35/62 MP: 3/3
  2884 | D:4      | Found Lietherch's Food Boutique.
  3007 | D:4      | Reached XP level 7. HP: 29/71 MP: 3/3
  3421 | D:4      | Received a gift from Trog
  3438 | D:5      | Entered Level 5 of the Dungeon
  3499 | D:5      | Reached skill level 5 in Polearms
  3619 | D:5      | Reached skill level 5 in Fighting
  3932 | D:5      | Reached XP level 8. HP: 34/81 MP: 3/3
  3955 | D:5      | Killed from afar by an orc wizard

Action                   |  1- 3 |  4- 6 |  7- 9 || total
-------------------------+-------+-------+-------++-------
Melee: Spear             |   106 |   440 |    78 ||   624
       Trident           |       |       |    79 ||    79
Invok: Berserk           |     1 |     2 |     3 ||     6
  Use: Potion            |     1 |     1 |       ||     2
 Stab: Sleeping          |       |     1 |       ||     1
  Eat: Chunk             |     6 |     9 |    13 ||    28
       Pizza             |     1 |       |       ||     1
       Meat ration       |       |     1 |       ||     1
       Fruit             |       |     1 |       ||     1
       Bread ration      |       |     1 |       ||     1
